 Dungeon Crawl Stone Soup version 0.31-a0-408-gb642c7f9a3 (webtiles) character file.

Game seed: 6871664763717537925

160 drugrobin the Chopper (level 4, 0/37 HPs)
             Began as a Demigod Delver on July 30, 2023.
             Slain by an iguana (3 damage)
             ... on level 3 of the Dungeon.
             The game lasted 00:05:56 (2704 turns).

drugrobin the Chopper (Demigod Delver)              Turns: 2704, Time: 00:05:57

Health: 0/37       AC: 12    Str: 17    XL:     4   Next: 96%
Magic:  6/6        EV:  8    Int: 12    God:
Gold:   149        SH:  0    Dex: 15    Spells: 3/3 levels left

rFire   . . .        b - +0 dagger (elec)
rCold   . . .        (no shield)
rNeg    . . .        h - +0 chain mail
rPois   .            (no helmet)
rElec   .            (no cloak)
rCorr   .            (no gloves)
SInv    .            (no boots)
Will    .....        (no amulet) Stlth
                     r - +4 ring of protection
HPRegen 0.26/turn    (no ring)
MPRegen 0.10/turn

%: no passive effects
@: no status effects
A: high MP 1, forlorn, divine attributes
a: no special abilities


You were on level 3 of the Dungeon.
You visited 1 branch of the dungeon, and saw 5 of its levels.

You collected 149 gold pieces.

Inventory:

Hand Weapons
 a - a +0 hand axe
 b - a +0 dagger of electrocution (weapon)
 l - a +0 short sword of draining
Missiles
 k - 4 javelins
 q - 8 boomerangs (quivered)
 s - 5 curare-tipped darts
Armour
 h - a +0 chain mail (worn)
 j - a +0 leather armour
Jewellery
 r - a +4 ring of protection (left hand)
Wands
 g - a wand of digging (3)
Scrolls
 c - a scroll of fog
 d - 2 scrolls of revelation
 e - 2 scrolls of fear
 i - 2 scrolls of teleportation {unknown}
 m - a scroll of enchant weapon {unknown}
 n - a scroll of vulnerability {unknown}
 o - a scroll of noise {unknown}
 p - a scroll of poison {unknown}
 u - a scroll of immolation {unknown}
 v - a scroll of enchant armour {unknown}
Potions
 f - 2 potions of haste
 t - 2 potions of degeneration {unknown}
 w - a potion of mutation {unknown}
 x - a potion of lignification {unknown}


   Skills:
 - Level 2.6 Fighting
 + Level 5.0 Axes
 - Level 1.7 Dodging
 - Level 4.5 Stealth


You had 3 spell levels left.
You didn't know any spells.
Your spell library contained the following spells:

 Spells                   Type           Power      Damage    Failure   Level
 Shock                    Conj/Air       0%         1d3       99%         1
 Swiftness                Air            0%         N/A       100%        3
 Airstrike                Air            0%         2d(0-16)  100%        4
 Haunt                    Necr/Summ      0%         N/A       100%        7
 Borgnjor's Revivificati  Necr           0%         N/A       100%        8
 Death's Door             Necr           0%         N/A       100%        9


Dungeon Overview and Level Annotations

Branches:
Dungeon (5/15)
 Temple: D:4-7

Shops:
D:3 *

Annotations:
D:3 exclusion: iguana


Innate Abilities, Weirdness & Mutations

You have an increased reservoir of magic. (+10% MP)
You shall have no god before yourself.
Your divine heritage dramatically boosts your attributes as you level up.


Message History

The iguana closely misses you.
Unknown command.
Unknown command.
You hit the iguana but do no damage.
The iguana is severely wounded.
The iguana bites you.
* * * LOW HITPOINT WARNING * * *
Unknown command.
Unknown command.
You hit the iguana.
The iguana is severely wounded.
The iguana bites you but does no damage.
Unknown command.
Unknown command.
You hit the iguana but do no damage.
The iguana is severely wounded.
The iguana bites you but does no damage.
Unknown command.
Unknown command.
You hit the iguana but do no damage. Your punch misses the iguana.
The iguana is severely wounded.
The iguana closely misses you.
Unknown command.
Okay, then.
Unknown command.
You hit the iguana.
The iguana is almost dead.
The iguana bites you.
* * * LOW HITPOINT WARNING * * *
Unknown command.
Unknown command.
You closely miss the iguana.
The iguana is almost dead.
The iguana closely misses you.
Unknown command.
Unknown command.
You hit the iguana but do no damage.
The iguana is almost dead.
The iguana bites you.
You die...

#######.##....###..###.#.####
# #.##.........>...#....# #
#.##.#.##.#.#.##.####.# #
#.##.#.##.#.#.##....#.# #
#.##.#.##.#.#.#####.#.# #
#.##.#.##.#.#.# #.#.# #
#)##.#....#.#.# #.#.# #
#.##.######.#.#####.#.# #
#.##.....l@.........#.#
#######.#########.#.#.......#
........# ...#.##.######
######### #####.##.# #.##.#
#.##.# #.##.# #....# #.####


You could see an iguana.

Vanquished Creatures
  Natasha (thrice) (D:3)
  3 adders (D:2)
  A worm (D:2)
  2 dart slugs (D:1)
  5 bats
  4 endoplasms
  3 giant cockroaches (D:2)
  4 hobgoblins
  3 quokkas
  5 ball pythons
  4 frilled lizards
  4 goblins
  5 kobolds
  7 rats
53 creatures vanquished.

Vanquished Creatures (others)
  A giant cockroach (D:1)
1 creature vanquished.

Grand Total: 54 creatures vanquished

Notes
Turn   | Place    | Note
-------+----------+-------------------------------------------
     0 | D:5      | drugrobin the Demigod Delver began the quest for the Orb.
     0 | D:5      | Reached XP level 1. HP: 18/18 MP: 3/3
   110 | D:3      | Reached skill level 2 in Axes
   182 | D:3      | Noticed Natasha
   192 | D:3      | Found Heysief's General Store.
   254 | D:3      | Noticed an iguana
   532 | D:2      | Reached XP level 2. HP: 25/25 MP: 4/4
   568 | D:2      | Reached skill level 3 in Axes
   759 | D:1      | Reached XP level 3. HP: 18/30 MP: 5/5
  1569 | D:2      | Reached skill level 4 in Axes
  1749 | D:2      | Reached XP level 4. HP: 36/37 MP: 6/6
  2477 | D:3      | Killed Natasha
  2601 | D:3      | Noticed Natasha
  2609 | D:3      | Killed Natasha
  2670 | D:3      | Noticed Natasha
  2676 | D:3      | Killed Natasha
  2677 | D:3      | Reached skill level 5 in Axes
  2704 | D:3      | Slain by an iguana

Illustrated notes

Levels and vault maps discovered:
D:1:      lemuel_arrival_cross, layout_basic, minmay_tetromino_t4
D:2:      layout_rooms, serial_corexii_hall, corexii_hall_statues_i,
          chequers_hall_statues_y, shapermc_ecumenical_altar_petra
D:3:      layout_basic, mainiacjoe_overflow_24_doors, old_standard_altar,
          serial_shops, shop, uniq_natasha
D:4:      layout_basic, minmay_goblin_kobold_house, uniq_duvessa,
          uniq_crazy_yiuf_cottage
D:5:      layout_loops_cross, kennysheep_okawaru_gauntlet,
          nicolae_gozag_seed_capital, minmay_temple_entry_wispy, serial_shops,
          shop

Skill      XL: |  1  2  3  4 |
---------------+-------------+-----
Axes           | 2 3 4 5 |  5.0
Fighting       | |  2.6
Dodging        | |  1.7
Stealth        | |  4.5

Action                     |  1- 3 |  4- 6 || total
---------------------------+-------+-------++-------
  Melee: Hand axe          |     9 |       ||     9
         Dagger            |   123 |    50 ||   173
         Punch             |     3 |     1 ||     4
   Stab: Sleeping          |    15 |       ||    15
 Armour: Chain mail        |     6 |    37 ||    43
         Leather armour    |    28 |       ||    28
  Dodge: Dodged            |    72 |    20 ||    92

Table legend: (Time is in decaauts)
 A = Elapsed time spent in this place.
 B = Non-inter-level travel time spent in this place.
 C = Inter-level travel time spent in this place.
 D = Time resting spent in this place.
 E = Time spent auto-exploring this place.
 F = Levels seen in this place.
 G = Mean time per level.
                   A        B        C        D        E       F      G
               +--------+--------+--------+--------+--------+-----+--------+
         Total |   2730 |   2557 |    173 |     97 |   1609 |   5 |  546.0 |
       Dungeon |   2730 |   2557 |    173 |     97 |   1609 |   5 |  546.0 |
               +--------+--------+--------+--------+--------+-----+--------+

Top non-repeatable levels by time:
     D:3: 1090 daAuts
     D:1: 750 daAuts
     D:2: 683 daAuts
     D:4: 190 daAuts
     D:5: 15 daAuts
